 Dungeon Crawl Stone Soup version 0.21.1-1-g345015fe64 (webtiles) character file.

106 Greboboi the Shield-Bearer (level 4, 0/41 HPs)
             Began as a Gnoll Fighter on June 22, 2018.
             Slain by Lokiki's ghost (5 damage)
             ... on level 3 of the Dungeon.
             The game lasted 00:03:28 (2334 turns).

Greboboi the Shield-Bearer (Gnoll Fighter)          Turns: 2334, Time: 00:03:28

Health: 0/41       AC:  7    Str: 19    XL:     4   Next: 84%
Magic:  5/5        EV:  9    Int: 11    God:
Gold:   211        SH: 10    Dex: 14    Spells: 5/5 levels left

rFire    . . .     SeeInvis .   a - +0 war axe
rCold    . . .     Gourm    .   c - +0 shield
rNeg     . . .     Faith    .   e - +1 ring mail {rPois}
rPois    +         Spirit   .   (no helmet)
rElec    .         Reflect  .   (no cloak)
rCorr    .         Harm     .   (no gloves)
MR       .....                  (no boots)
Stlth    +.........             (no amulet)
HPRegen  0.13/turn              (no ring)
MPRegen  0.09/turn              (no ring)

@: no status effects
A: distributed training, fangs 1, strong nose
a: no special abilities


You were on level 3 of the Dungeon.
You were full.

You visited 1 branch of the dungeon, and saw 3 of its levels.

You collected 211 gold pieces.

Inventory:

Hand Weapons
 a - a +0 war axe (weapon)
Armour
 b - a +0 scale mail
 c - a +0 shield (worn)
 e - a +1 ring mail of poison resistance (worn)
Scrolls
 i - a scroll of remove curse {unknown}
 j - a scroll of identify {unknown}
 n - a scroll of magic mapping {unknown}
 q - a scroll of teleportation {unknown}
 r - a scroll of enchant armour {unknown}
Potions
 d - a potion of might
 g - 2 potions of degeneration {unknown}
 h - 2 potions of ambrosia {unknown}
 k - a potion of curing {unknown}
 l - a potion of brilliance {unknown}
 o - a potion of mutation {unknown}
 p - a potion of heal wounds {unknown}
Comestibles
 f - 10 rations
 m - 6 chunks of flesh


   Skills:
 + Level 6.6 Fighting
 + Level 1.2 Short Blades
 + Level 1.2 Long Blades
 + Level 4.7 Axes
 + Level 1.2 Maces & Flails
 + Level 1.2 Polearms
 + Level 1.2 Staves
 + Level 1.2 Slings
 + Level 1.2 Bows
 + Level 1.2 Crossbows
 + Level 1.2 Throwing
 + Level 6.6 Armour
 + Level 1.2 Dodging
 + Level 1.2 Stealth
 + Level 6.6 Shields
 + Level 1.2 Unarmed Combat
 + Level 1.2 Spellcasting
 + Level 1.0 Conjurations
 + Level 1.0 Hexes
 + Level 1.0 Charms
 + Level 1.0 Summonings
 + Level 1.0 Necromancy
 + Level 1.0 Translocations
 + Level 1.0 Transmutations
 + Level 1.0 Fire Magic
 + Level 1.0 Ice Magic
 + Level 1.0 Air Magic
 + Level 1.0 Earth Magic
 + Level 1.0 Poison Magic
 + Level 1.3 Invocations
 + Level 1.2 Evocations


You had 5 spell levels left.
You didn't know any spells.

Dungeon Overview and Level Annotations

Branches:
Dungeon (3/15)

Altars:

Annotations:
D:2 1 runed door
D:3 Lokiki's ghost, amateur MiFi


Innate Abilities, Weirdness & Mutations

Your experience applies equally to all skills.
You have very sharp teeth.
Your uncanny sense of smell can sniff out nearby items.


Message History

Lokiki's ghost is lightly damaged.
Lokiki's ghost hits you. Lokiki's ghost hits you!
You hit Lokiki's ghost but do no damage.
Your bite misses Lokiki's ghost.
Lokiki's ghost is lightly damaged.
Lokiki's ghost hits you!
Your shield prevents you from hitting Lokiki's ghost.
Lokiki's ghost is lightly damaged.
Lokiki's ghost hits you but does no damage.
Lokiki's ghost closely misses you.
You barely miss Lokiki's ghost.
You bite Lokiki's ghost, but do no damage.
Lokiki's ghost is lightly damaged.
Lokiki's ghost says, "You will never get the ORB!"
Lokiki's ghost hits you!
* * * LOW HITPOINT WARNING * * *
x2 You slash Lokiki's ghost!
Your bite misses Lokiki's ghost.
Lokiki's ghost is moderately damaged.
Lokiki's ghost hits you.
You die...

# #.# #.# ##...## #.### # #.# #.#
##.....## #...# # #.##..#
##.......## ##.#.####
###.#...####.........####........
...........+.........'...........
###.#...## #.........###.....###.
#...# ## ##.......## #.#.......
#.#.# ##..W..## #.######## #...#
##.@.## #.# ##.## ##'## #.#
#.######### #.# #.# #.........#
#.#######.# #.#######.#
##.........# #.. #.###...########
#.# #.##.....# #.###.###.###...##
#...........)..##


You could see Lokiki's ghost.

Vanquished Creatures
  2 adders (D:2)
  4 dart slugs
  3 leopard geckos (D:3)
  11 orcs (D:3)
  2 giant cockroaches
  6 hobgoblins
  6 jackals
  7 kobolds
  A quokka (D:2)
  A ball python (D:1)
  3 bats
  3 frilled lizards (D:2)
  6 goblins
  8 rats
63 creatures vanquished.

Notes
Turn   | Place    | Note
-------+----------+-------------------------------------------
     0 | D:1      | Greboboi the Gnoll Fighter began the quest for the Orb.
     0 | D:1      | Reached XP level 1. HP: 23/23 MP: 1/1
   347 | D:1      | Reached XP level 2. HP: 29/29 MP: 2/2
  1029 | D:2      | Reached XP level 3. HP: 35/35 MP: 3/3
  1156 | D:2      | Reached skill level 1 in Invocations
  1226 | D:2      | Reached skill level 1 in Short Blades
  1226 | D:2      | Reached skill level 1 in Long Blades
  1226 | D:2      | Reached skill level 1 in Maces & Flails
  1226 | D:2      | Reached skill level 1 in Polearms
  1226 | D:2      | Reached skill level 1 in Staves
  1226 | D:2      | Reached skill level 1 in Slings
  1226 | D:2      | Reached skill level 1 in Bows
  1226 | D:2      | Reached skill level 1 in Crossbows
  1226 | D:2      | Reached skill level 1 in Throwing
  1226 | D:2      | Reached skill level 1 in Dodging
  1226 | D:2      | Reached skill level 1 in Stealth
  1226 | D:2      | Reached skill level 1 in Unarmed Combat
  1226 | D:2      | Reached skill level 1 in Spellcasting
  1226 | D:2      | Reached skill level 1 in Evocations
  1254 | D:2      | Reached XP level 4. HP: 36/41 MP: 5/5
  1352 | D:2      | Found a runed door.
  1751 | D:3      | Noticed Lokiki's ghost (amateur MiFi)
  2251 | D:3      | Reached skill level 1 in Conjurations
  2251 | D:3      | Reached skill level 1 in Hexes
  2251 | D:3      | Reached skill level 1 in Charms
  2251 | D:3      | Reached skill level 1 in Summonings
  2251 | D:3      | Reached skill level 1 in Necromancy
  2251 | D:3      | Reached skill level 1 in Translocations
  2251 | D:3      | Reached skill level 1 in Transmutations
  2251 | D:3      | Reached skill level 1 in Fire Magic
  2251 | D:3      | Reached skill level 1 in Ice Magic
  2251 | D:3      | Reached skill level 1 in Air Magic
  2251 | D:3      | Reached skill level 1 in Earth Magic
  2251 | D:3      | Reached skill level 1 in Poison Magic
  2334 | D:3      | Slain by Lokiki's ghost

Skill      XL: |  1  2  3  4 |
---------------+-------------+-----
Invocations    | 1 |  1.3
Short Blades   | 1 |  1.2
Long Blades    | 1 |  1.2
Maces & Flails | 1 |  1.2
Polearms       | 1 |  1.2
Staves         | 1 |  1.2
Slings         | 1 |  1.2
Bows           | 1 |  1.2
Crossbows      | 1 |  1.2
Throwing       | 1 |  1.2
Dodging        | 1 |  1.2
Stealth        | 1 |  1.2
Unarmed Combat | 1 |  1.2
Spellcasting   | 1 |  1.2
Evocations     | 1 |  1.2
Conjurations   | 1 |  1.0
Hexes          | 1 |  1.0
Charms         | 1 |  1.0
Summonings     | 1 |  1.0
Necromancy     | 1 |  1.0
Translocations | 1 |  1.0
Transmutations | 1 |  1.0
Fire Magic     | 1 |  1.0
Ice Magic      | 1 |  1.0
Air Magic      | 1 |  1.0
Earth Magic    | 1 |  1.0
Poison Magic   | 1 |  1.0
Fighting       | |  6.6
Axes           | |  4.7
Armour         | |  6.6
Shields        | |  6.6

Action                   |  1- 3 |  4- 6 || total
-------------------------+-------+-------++-------
Melee: War axe           |    75 |    82 ||   157
       Bite              |     7 |    10 ||    17
  Eat: Chunk             |     1 |     1 ||     2
       Ration            |       |     2 ||     2
Armor: Scale mail        |     7 |       ||     7
       Ring mail         |    21 |    26 ||    47
Dodge: Dodged            |    23 |    24 ||    47
Block: Shield            |    42 |    30 ||    72
